 Dungeon Crawl Stone Soup version 0.25-a0-413-g3b4b6a4ccc (webtiles) character file.

Game seed: 13054739969819159586, levelgen mode: deterministic

12182 Borgoz the Fighter (level 11, -1/73 HPs)
             Began as a Gargoyle Berserker on Jan 16, 2020.
             Was an Elder of Trog.
             Slain by Snorg (14 damage)
             ... on level 12 of the Dungeon.
             The game lasted 00:16:10 (12443 turns).

Borgoz the Fighter (Gargoyle Berserker)            Turns: 12443, Time: 00:16:10

Health: -1/73      AC: 21    Str: 23    XL:     11   Next: 89%
Magic:  3/3        EV: 15    Int:  7    God:    Trog [****..]
Gold:   653        SH:  0    Dex: 11    Spells: 10/10 levels left

rFire    . . .     SeeInvis .   k - +3 dire flail (antimagic)
rCold    + + .     Gourm    .   (shield currently unavailable)
rNeg     + + +     Faith    .   B - +1 ring mail of Disguise {*Contam rC++ rN+}
rPois    ∞         Spirit   .   r - +1 helmet
rElec    +         Reflect  .   p - +1 cloak
rCorr    .         Harm     .   (no gloves)
MR       .....                  (no boots)
Stlth    +.........             (no amulet)
HPRegen  0.22/turn              s - ring of positive energy
MPRegen  0.08/turn              (no ring)

@: no status effects
A: negative energy resistance 1, electricity resistance, unbreathing,
petrification resistance, rot immunity, AC +8
a: Berserk, Trog's Hand, Brothers in Arms, Renounce Religion


You were on level 12 of the Dungeon.
You worshipped Trog.
Trog was greatly pleased with you.
You were not hungry.

You visited 1 branch of the dungeon, and saw 12 of its levels.

You collected 653 gold pieces.

Inventory:

Hand Weapons
 k - a +3 antimagic dire flail (weapon)
Armour
 p - a +1 cloak (worn)
 r - a +1 helmet (worn)
 B - the +1 ring mail of Disguise (worn) {*Contam rC++ rN+}
   (You found it on level 6 of the Dungeon)

   It greatly protects you from cold.
   It protects you from negative energy.
   It causes magical contamination when unequipped.
Jewellery
 s - a ring of positive energy (left hand)
 u - an uncursed ring of poison resistance {unknown}
Wands
 o - a wand of polymorph (34)
 t - a wand of clouds (5)
Scrolls
 b - a scroll of fear {unknown}
 e - a scroll of random uselessness {unknown}
 g - 4 scrolls of remove curse
 h - 10 scrolls of teleportation
 i - 4 scrolls of magic mapping {unknown}
 j - 5 scrolls of enchant weapon {unknown}
 q - 3 scrolls of immolation
 A - 4 scrolls of enchant armour
Potions
 a - 4 potions of curing
 d - a potion of berserk rage
 f - a potion of invisibility
 m - 2 potions of mutation {unknown}
 n - 5 potions of flight {unknown}
 v - a potion of agility
 w - 3 potions of degeneration {unknown}
 x - 3 potions of haste
 z - 4 potions of brilliance {unknown}
Comestibles
 c - 20 rations
 l - 7 chunks of flesh


   Skills:
 + Level 10.7 Fighting
 + Level 9.9 Maces & Flails
 + Level 10.4 Armour
 + Level 8.0 Dodging


You had 10 spell levels left.
You didn't know any spells.
Your spell library was empty.

Dungeon Overview and Level Annotations

Branches:
Dungeon (12/15)            Temple (0/1) D:5            Lair (0/6) D:8
    Orc (0/2) D:9

Altars:
Gozag
Hepliaklqana
Makhleb
Okawaru
Qazlal
Sif Muna
Yredelemnul
The Shining One

Shops:
D:9 %

Portals:
Trove: D:11 (give +7 demon whip)

Annotations:
D:12 Snorg


Innate Abilities, Weirdness & Mutations

You are resistant to torment.
Your stone body is resilient. (AC +8)
You are immune to poison.
You resist negative energy. (rN+)
You are resistant to electric shocks. (rElec)
You can survive without breathing.
You are immune to petrification.
You are immune to rotting.


Message History

This raw flesh tastes terrible.
Snorg the Insatiable comes into view.
Snorg shouts!
Snorg is nearby!
Found a scroll of amnesia.
Snorg goes berserk!
Snorg misses you. Snorg closely misses you. Snorg claws you!
You fail to use your ability.
Snorg bites you! Snorg claws you. Snorg claws you but does no damage.
Your two-headed ogre goes berserk!
You feel somewhat more hungry. Snorg bites you. Snorg claws you.
Snorg closely misses you. Snorg bites you!!
* * * LOW HITPOINT WARNING * * *
Snorg closely misses you. Snorg barely misses you.
Okay, then.
Okay, then.
None of your equipped items are cursed.
Snorg rages.
Snorg closely misses you. Snorg barely misses you. Snorg claws you!
You die...

#... #...# . . #### #...#
.#. ..####### #...# ...
......... #...#########.#
#........
...........##^####........
......#.....#.##@TO.......
............#.#.#.........
#...#.#####.#..###......^.
#...#.# #...## ##.......
#...#.# #..## ##..?###
#...#.# ##..# ##.##.#
#...#.# #.#.###(.##.#
......# #....#....#.#####
....### ### #...<.(......


You could see Snorg (berserk) and a friendly two-headed ogre (berserk).

Vanquished Creatures
  A two-headed ogre (D:11)
  An ugly thing (D:11)
  3 centaur zombies (D:11)
  Maurice (D:8)
  A gargoyle (D:10)
  Maggie (D:8)
  2 trolls
  Prince Ribbit (D:8)
  Sigmund (D:3)
  13 yaks
  A wyvern (D:7)
  A basilisk (D:8)
  Grum (D:8)
  A hungry ghost (D:11)
  Duvessa (D:6)
  A water moccasin (D:11)
  5 orc warriors
  3 porcupines (D:8)
  An ice beast (D:8)
  A black bear (D:7)
  4 sky beasts
  2 phantoms
  2 ogres
  2 wolves (D:8)
  18 centaurs
  3 crocodiles
  4 bullfrogs
  Dowan (D:6)
  7 scorpions
  3 howler monkeys (D:7)
  3 bullfrog zombies
  A crimson imp (D:7)
  7 hounds
  7 orc priests
  A bullfrog skeleton (D:5)
  A jelly (D:9)
  2 centaur skeletons
  An iguana (D:6)
  12 orc wizards
  Ijyb (D:5)
  4 worker ants
  A killer bee zombie (D:6)
  A hound zombie (D:6)
  A howler monkey zombie (D:10)
  6 gnolls
  11 adders
  2 shadow imps (D:5)
  An ooze (D:2)
  3 worms
  A dart slug (D:1)
  3 leopard geckos
  59 orcs
  3 bats
  14 giant cockroaches
  10 goblins
  10 hobgoblins
  10 jackals
  8 quokkas
  5 ball pythons
  6 frilled lizards
  13 kobolds
  A leopard gecko skeleton (D:5)
  8 rats
304 creatures vanquished.

Vanquished Creatures (collateral kills)
  A crocodile (D:8)
1 creature vanquished.

Vanquished Creatures (others)
  A fungus (D:8)
  A plant (D:8)
2 creatures vanquished.

Grand Total: 307 creatures vanquished

Notes
Turn   | Place    | Note
-------+----------+-------------------------------------------
     0 | D:1      | Borgoz the Gargoyle Berserker began the quest for the Orb.
     0 | D:1      | Reached XP level 1. HP: 14/14 MP: 1/1
   143 | D:1      | Reached XP level 2. HP: 14/19 MP: 2/2
   486 | D:1      | Reached XP level 3. HP: 22/23 MP: 3/3
   583 | D:1      | Reached ** piety under Trog
  1125 | D:2      | Reached XP level 4. HP: 20/29 MP: 4/4
  1531 | D:3      | Reached XP level 5. HP: 32/33 MP: 5/5
  1551 | D:3      | Reached *** piety under Trog
  1725 | D:3      | Noticed Sigmund
  1741 | D:3      | Killed Sigmund
  1741 | D:3      | Reached XP level 6. HP: 32/39 MP: 6/6
  1743 | D:3      | Found a stormy altar of Qazlal.
  2278 | D:3      | Reached skill level 5 in Fighting
  2278 | D:3      | Reached XP level 7. HP: 14/44 MP: 7/7
  2733 | D:4      | Reached **** piety under Trog
  2886 | D:4      | Found an opulent altar of Gozag.
  2958 | D:4      | Found a burning altar of Makhleb.
  2959 | D:4      | Found a shimmering blue altar of Sif Muna.
  2960 | D:4      | Found an opulent altar of Gozag.
  3274 | D:4      | Reached skill level 5 in Maces & Flails
  3274 | D:4      | Reached skill level 5 in Armour
  3478 | D:4      | Found a glowing golden altar of the Shining One.
  3539 | D:5      | Entered Level 5 of the Dungeon
  3587 | D:5      | Found an iron altar of Okawaru.
  3795 | D:5      | Reached XP level 8. HP: 44/51 MP: 8/8
  4132 | D:5      | Noticed Ijyb
  4143 | D:5      | Killed Ijyb
  4176 | D:5      | Found a staircase to the Ecumenical Temple.
  4844 | D:6      | Noticed Duvessa
  4845 | D:6      | Noticed Dowan
  4857 | D:6      | Killed Duvessa
  4859 | D:6      | Killed Dowan
  4974 | D:6      | Got a shimmering ring mail
  4987 | D:6      | Identified the +1 ring mail of Disguise {*Contam rC++ rN+}
                  | (You found it on level 6 of the Dungeon)
  5319 | D:7      | Reached XP level 9. HP: 55/56 MP: 9/9
  5378 | D:7      | Reached skill level 5 in Dodging
  5465 | D:7      | Reached ***** piety under Trog
  5465 | D:7      | Received a gift from Trog
  6542 | D:8      | Found a hazy altar of Hepliaklqana.
  6704 | D:8      | Noticed Maggie
  6723 | D:8      | Killed Maggie
  6723 | D:8      | Reached XP level 10. HP: 21/64 MP: 10/10
  7339 | D:8      | Found a staircase to the Lair.
  7532 | D:8      | Noticed Maurice
  7536 | D:8      | Paralysed by Maurice for 7 turns
  7553 | D:8      | Noticed Grum
  7554 | D:8      | Noticed Prince Ribbit
  7554 | D:8      | Paralysed by something for 3 turns
  7572 | D:8      | Killed Grum
  7574 | D:8      | Killed Maurice
  7581 | D:8      | Killed Prince Ribbit
  8501 | D:9      | Found Ganer's Food Shop.
  8713 | D:9      | Found a hazy altar of Hepliaklqana.
  9100 | D:9      | Found a basalt altar of Yredelemnul.
  9452 | D:9      | Found a staircase to the Orcish Mines.
  9698 | D:10     | Entered Level 10 of the Dungeon
  9714 | D:10     | Reached XP level 11. HP: 71/71 MP: 11/11
 10992 | D:11     | Noticed a two-headed ogre
 11007 | D:11     | Killed a two-headed ogre
 11041 | D:11     | Reached skill level 10 in Fighting
 11362 | D:11     | Reached skill level 10 in Armour
 11384 | D:11     | Received a gift from Trog
 11412 | D:11     | Noticed a red ugly thing
 11440 | D:11     | Killed a red ugly thing
 12146 | D:11     | Found a portal to a secret trove of treasure.
 12436 | D:12     | Noticed Snorg
 12443 | D:12     | Slain by Snorg

Levels and vault maps discovered:
D:1:      evilmike_arrival_rings, layout_rooms
D:2:      layout_loops_cross
D:3:      layout_loops_ring, grunt_qazlal_clouds, first_ration, uniq_sigmund
D:4:      layout_loops_ring, chequers_temple_overflow_statue_of_worship,
          nicolae_tso_swordbearing_angel, nicolae_gozag_seed_capital
D:5:      layout_basic, okawaru_altar_gauntlet_db,
          minmay_temple_entry_nine_rooms, uniq_ijyb
D:6:      layout_basic, uniq_duvessa
D:7:      layout_basic
D:8:      layout_gridville, minmay_lair_entry_grove, basic_altar, uniq_maurice,
          uniq_grum, uniq_maggie, uniq_prince_ribbit1
D:9:      layout_stronghold, lemuel_doored_altar, hiddenorc1_lemuel,
          basic_altar, serial_shops, shop
D:10:     layout_stronghold
D:11:     layout_cave_pools, enter_trove_3
D:12:     thingy_vault, layout_loops_cross, uniq_snorg, uniq_nessos

Skill      XL: |  1  2  3  4  5  6  7  8  9 10 11 |
---------------+----------------------------------+-----
Dodging        | 2 3 4 6 7 8 |  8.0
Armour         | 3 4 5 6 8 9 10 | 10.4
Fighting       | 4 5 6 8 9 10 | 10.7
Maces & Flails | 4 5 6 7 8 9 |  9.9

Action                   |  1- 3 |  4- 6 |  7- 9 | 10-12 || total
-------------------------+-------+-------+-------+-------++-------
Melee: Mace              |   142 |   111 |       |       ||   253
       Flail             |       |    87 |   602 |   600 ||  1289
       Whip              |       |    23 |       |       ||    23
       Unarmed           |       |     3 |       |       ||     3
       Dire flail        |       |       |       |    55 ||    55
Invok: Berserk           |     1 |     1 |     5 |     7 ||    14
       Trog's Hand       |       |       |     3 |     3 ||     6
       Brothers in Arms  |       |       |       |     2 ||     2
  Use: Potion            |       |     1 |     3 |       ||     4
       Scroll            |       |       |     3 |     8 ||    11
 Stab: Distracted        |       |     1 |       |       ||     1
  Eat: Chunk             |     2 |     5 |    17 |    24 ||    48
       Ration            |       |       |     1 |     3 ||     4
Armor: Animal skin       |    56 |    20 |       |       ||    76
       Plate armour      |       |   141 |   279 |       ||   420
       Ring mail         |       |       |   216 |   573 ||   789
Dodge: Dodged            |   144 |   117 |   387 |   693 ||  1341

Table legend:
 A = Non-vault XP
 B = Vault XP
 C = Vault XP percentage of total XP
 D = Non-vault monster count
 E = Vault monster count
 F = Vault count percentage of total count
                 A         B        C        D         E       F
            +---------+---------+-------+---------+---------+-------
      Total |   13156 |    4247 |  24.4 |     260 |      45 |  14.8
            +---------+---------+-------+---------+---------+-------
        D:1 |      54 |       0 |   0.0 |      30 |       0 |   0.0
        D:2 |      77 |       0 |   0.0 |      30 |       0 |   0.0
        D:3 |     298 |     227 |  43.2 |      40 |       1 |   2.4
        D:4 |     461 |       0 |   0.0 |      18 |       0 |   0.0
        D:5 |     380 |      46 |  10.8 |      18 |       7 |  28.0
        D:6 |     578 |     228 |  28.3 |      14 |       2 |  12.5
        D:7 |    1201 |       0 |   0.0 |      26 |       0 |   0.0
        D:8 |     627 |    3462 |  84.7 |      12 |      18 |  60.0
        D:9 |    1282 |     284 |  18.1 |      13 |      17 |  56.7
       D:10 |     918 |       0 |   0.0 |      13 |       0 |   0.0
       D:11 |    6743 |       0 |   0.0 |      41 |       0 |   0.0
       D:12 |     537 |       0 |   0.0 |       5 |       0 |   0.0
            +---------+---------+-------+---------+---------+-------
